 Dungeon Crawl Stone Soup version 0.31-a0-716-gc7603755dd (webtiles) character file.

Game seed: 9262074911929516647

93 Pooter the Cudgeller (level 4, -1/38 HPs)
             Began as a Minotaur Gladiator on Sept 10, 2023.
             Slain by a gnoll
             ... wielding a +0 flail
              (12 damage)
             ... on level 3 of the Dungeon.
             The game lasted 00:05:37 (1687 turns).

Pooter the Cudgeller (Minotaur Gladiator)           Turns: 1687, Time: 00:05:37

Health: -1/38      AC:  3    Str: 20    XL:     4   Next: 36%
Magic:  3/3        EV: 12    Int:  5    God:
Gold:   89         SH:  0    Dex: 12    Spells: 3/3 levels left

rFire   . . .        a - +0 flail
rCold   . . .        (no shield)
rNeg    . . .        b - +0 leather armour
rPois   .            c - +0 hat
rElec   .            (no cloak)
rCorr   .            (no gloves)
SInv    .            (no boots)
Will    .....        f - amulet of the acrobat
Stlth   ++           (no ring)
HPRegen 0.26/turn    (no ring)
MPRegen 0.08/turn

%: acrobat
@: no status effects
A: horns 2, retaliatory headbutt
a: no special abilities


You were on level 3 of the Dungeon.
You visited 1 branch of the dungeon, and saw 3 of its levels.

You collected 89 gold pieces.

Inventory:

Hand Weapons
 a - a +0 flail (weapon)
Missiles
 d - 3 throwing nets {!f}
 e - a javelin
 j - 6 poisoned darts (quivered)
 Q - 18 stones
Armour
 b - a +0 leather armour (worn)
 c - a +0 hat (worn)
Jewellery
 f - an amulet of the acrobat (around neck)
   (You found it on level 1 of the Dungeon)
Scrolls
 h - a scroll of vulnerability {!r}
 m - a scroll of fear {unknown}
 n - a scroll of enchant weapon {unknown}
Potions
 g - 3 potions of curing {@q1}
 i - a potion of might {unknown}
 k - a potion of enlightenment {unknown}
 l - a potion of invisibility {unknown}


   Skills:
 + Level 3.4 Fighting
 - Level 3.6 Maces & Flails
 + Level 2.8 Throwing
 - Level 3.2 Dodging
 * Level 2.4 Stealth


You had 3 spell levels left.
You didn't know any spells.
Your spell library contained the following spells:

 Spells                   Type           Power      Damage    Failure   Level
 Simulacrum               Ice/Necr       0%         N/A       100%        6
 Ozocubu's Refrigeration  Ice            0%         4d7       100%        7
 Polar Vortex             Ice            0%         N/A       100%        9


Dungeon Overview and Level Annotations

Branches:
Dungeon (3/15) Zot: 16284

Altars:
Xom


Innate Abilities, Weirdness & Mutations

You have a pair of horns on your head.
You reflexively headbutt those who attack you in melee.


Message History

Found 4 gold pieces.
You now have 89 gold pieces (gained 4).
You open the door.
There is an open door here.
There is an open door here.
You open the door.
There is an open door here.
There is an open door here.
Found 4 stones.
Q - 18 stones (gained 4) Done exploring.
There is a stone staircase leading down here.
You climb downwards.
The adder hisses angrily.
There is a stone staircase leading up here.
You sock the adder!
You kill the adder!
No target in view! 2 gnolls come into view.
Found a stone staircase leading down.
The gnoll shouts!
A gnoll comes into view. It is wielding a +0 spear.
Found a plate armour.
The gnoll shouts! x2
The gnoll completely misses you.
You hear an angry hiss.
You sock the gnoll! Your headbutt misses the gnoll.
The gnoll hits you with a +0 flail.
An adder comes into view.
You hit the gnoll. Your headbutt misses the gnoll.
The gnoll hits you with a +0 flail!
You barely miss the gnoll. The gnoll closely misses you.
You hit the gnoll. The gnoll hits you with a +0 flail!
* * * LOW HITPOINT WARNING * * *
The gnoll hits you with a +0 flail.
* * * LOW HITPOINT WARNING * * *
You are too injured to fight recklessly!
You are too injured to fight recklessly!
You barely miss the gnoll. You headbutt the gnoll.
You kill the gnoll!
You barely miss the gnoll. The gnoll closely misses you.
You hit the gnoll. The gnoll misses you.
Unknown command.
You hit the gnoll. Your headbutt misses the gnoll.
The gnoll closely misses you. The gnoll barely misses you.
You barely miss the gnoll. You headbutt the gnoll.
The gnoll hits you with a +0 flail.
* * * LOW HITPOINT WARNING * * *
You barely miss the gnoll. The gnoll hits you with a +0 flail!
You die...

. ..#
######..>[.
#..@gSg....
#.####.....
#.# ..# #.#
# #<# #.#
#.# #.# #.#


You could see 2 gnolls and an adder.

Vanquished Creatures
  A gnoll (D:3)
  2 adders
  3 worms (D:2)
  2 dart slugs
  2 ball pythons (D:1)
  3 bats (D:1)
  6 endoplasms
  3 giant cockroaches
  4 goblins (D:1)
  5 hobgoblins
  3 jackals (D:2)
  2 kobolds (D:1)
  5 quokkas
  5 frilled lizards
  A rat (D:2)
47 creatures vanquished.

Notes
Turn   | Place    | Note
-------+----------+-------------------------------------------
     0 | D:1      | Pooter the Minotaur Gladiator began the quest for the Orb.
     0 | D:1      | Reached XP level 1. HP: 18/18 MP: 0/0
    35 | D:1      | Reached XP level 2. HP: 21/25 MP: 1/1
    38 | D:1      | Reached skill level 1 in Stealth
   268 | D:1      | Reached XP level 3. HP: 28/31 MP: 2/2
   859 | D:1      | Found a faded altar of an unknown god.
   945 | D:2      | Found a shimmering altar of Xom.
  1249 | D:2      | Reached XP level 4. HP: 34/38 MP: 3/3
  1687 | D:3      | Slain by a gnoll

Illustrated notes

Levels and vault maps discovered:
D:1:      dpeg_arrival_rooms_c, layout_loops_ring,
          shapermc_ecumenical_altar_hornbeckon, serial_bayou_pond_d,
          minmay_distorted
D:2:      layout_basic, basic_altar
D:3:      layout_loops_ring, mainiacjoe_overflow_alcove_2, uniq_natasha

Skill      XL: |  1  2  3 |
---------------+----------+-----
Stealth        | 1 2 |  2.4
Fighting       | 3 |  3.4
Maces & Flails | |  3.6
Throwing       | |  2.8
Dodging        | |  3.2

Action                     |  1- 3 |  4- 6 || total
---------------------------+-------+-------++-------
  Melee: Flail             |    84 |    15 ||    99
         Headbutt          |    14 |     3 ||    17
    Use: Scroll            |     2 |       ||     2
   Stab: Distracted        |     1 |       ||     1
         Sleeping          |       |     2 ||     2
 Armour: Leather armour    |    39 |     6 ||    45
  Dodge: Dodged            |    64 |     8 ||    72

Table legend: (Time is in decaauts)
 A = Elapsed time spent in this place.
 B = Non-inter-level travel time spent in this place.
 C = Inter-level travel time spent in this place.
 D = Time resting spent in this place.
 E = Time spent auto-exploring this place.
 F = Levels seen in this place.
 G = Mean time per level.
                   A        B        C        D        E       F      G
               +--------+--------+--------+--------+--------+-----+--------+
         Total |   1714 |   1694 |     20 |      9 |   1367 |   3 |  571.3 |
       Dungeon |   1714 |   1694 |     20 |      9 |   1367 |   3 |  571.3 |
               +--------+--------+--------+--------+--------+-----+--------+

Top non-repeatable levels by time:
     D:1: 961 daAuts
     D:2: 734 daAuts
     D:3: 18 daAuts
